 Dungeon Crawl Stone Soup version 0.20.1-1-g8b1a95d66d (webtiles) character file.

1026 MondaySad the Cleaver (level 8, -1/66 HPs)
             Began as a Minotaur Berserker on Nov 23, 2017.
             Was a Priest of Trog.
             Slain by a gnoll
             ... wielding a +0 halberd
              (12 damage)
             ... on level 4 of the Dungeon.
             The game lasted 00:09:09 (4298 turns).

MondaySad the Cleaver (Minotaur Berserker)          Turns: 4298, Time: 00:09:10

Health: -1/66      AC:  3    Str: 24    XL:     8   Next: 2%
Magic:  7/7        EV: 12    Int:  4    God:    Trog [***...]
Gold:   229        SH:  0    Dex: 10    Spells: 7/7 levels left

rFire    . . .     SeeInvis .   a - +0 hand axe
rCold    . . .     Gourm    .   (no shield)
rNeg     . . .     Faith    .   b - +0 animal skin
rPois    .         Spirit   .   (helmet restricted)
rElec    .         Reflect  .   v - +0 cloak
rCorr    .         Harm     .   (no gloves)
MR       .....                  (no boots)
Stlth    +.........             (no amulet)
Regen    0.3/turn               (no ring)
MPRegen  0.1/turn               (no ring)

@: berserk cooldown, slowed, very slow
A: retaliatory headbutt, horns 2
a: Berserk, Trog's Hand, Burn Spellbooks, Renounce Religion


You were on level 4 of the Dungeon.
You worshipped Trog.
Trog was most pleased with you.
You were very hungry.

You visited 1 branch of the dungeon, and saw 4 of its levels.

You collected 229 gold pieces.

Inventory:

Hand Weapons
 a - a +0 hand axe (weapon)
Missiles
 x - 3 javelins (quivered)
Armour
 b - a +0 animal skin (worn)
 v - a +0 cloak (worn)
Jewellery
 u - an uncursed amulet of magic regeneration {unknown}
Wands
 i - a wand of acid (8/15)
 y - a wand of random effects (37/48)
 B - a wand of flame (36/48)
Scrolls
 d - 2 scrolls of immolation {unknown}
 e - 8 scrolls of identify {unknown}
 g - 3 scrolls of magic mapping {unknown}
 h - 2 scrolls of teleportation {unknown}
 k - 3 scrolls of remove curse {unknown}
 m - a scroll of enchant armour {unknown}
 p - a scroll of recharging {unknown}
 s - 3 scrolls of random uselessness {unknown}
Potions
 f - 6 potions of curing {unknown}
 n - 2 potions of lignification {unknown}
 q - a potion of cancellation {unknown}
 r - a potion of heal wounds {unknown}
 t - a potion of degeneration {unknown}
 w - a potion of mutation {unknown}
 z - a potion of resistance {unknown}
 A - a potion of flight {unknown}
 C - a potion of invisibility {unknown}
Comestibles
 c - 3 bread rations
 j - a meat ration
 l - a fruit
 o - 4 royal jellies
 D - 6 chunks of flesh


   Skills:
 - Level 3.7 Fighting
 + Level 11.3 Axes
 - Level 2.5 Armour
 - Level 2.5 Dodging


You had 7 spell levels left.
You didn't know any spells.

Dungeon Overview and Level Annotations

Branches:
Dungeon (4/15)
 Temple: D:4-7

Altars:
Nemelex Xobeh
Qazlal


Innate Abilities, Weirdness & Mutations

You reflexively headbutt those who attack you in melee.
You have a pair of horns on your head.


Message History

You kill the gnoll shaman!
Trog accepts your kill. The gnoll hits you but does no damage.
Unknown command.
You are no longer berserk.
You are exhausted.
You feel yourself slow down.
The gnoll hits you from afar with a halberd.
* * * LOW HITPOINT WARNING * * *
You see here a spear.
The gnoll misses you. The gnoll closely misses you. x2
The gnoll barely misses you. You furiously retaliate!
You headbutt the gnoll! You completely miss the gnoll.
You headbutt the gnoll, but do no damage.
The gnoll is severely wounded.
The gnoll hits you with a halberd.
* * * LOW HITPOINT WARNING * * *
The gnoll hits you with a halberd!
You die...

... #.# ... #.### .. #
#####.... ...# #........ ##
.#.# #........ ####.
_..###........
#>%.'#)#............
#.###))..###........
#..@g...............
###.##########........
#.......# #........
#.......# #........
#.......##############
#.......#.....########
######.......#.............
.............#.............
.............#####.........


You could see a gnoll.

Vanquished Creatures
  Grinder (D:3)
  A water moccasin (D:4)
  A phantom (D:4)
  2 ogres (D:4)
  A gnoll shaman (D:4)
  Terence (D:3)
  2 iguanas (D:4)
  Natasha (thrice) (D:3)
  2 worker ants (D:4)
  7 adders
  5 gnolls
  An ooze (D:1)
  An adder skeleton (D:4)
  5 worms
  3 dart slugs
  4 leopard geckos
  11 orcs
  A ball python (D:2)
  6 giant cockroaches
  7 goblins
  4 hobgoblins
  13 jackals
  8 bats
  3 frilled lizards
  A jackal skeleton (D:4)
  3 kobolds
  8 rats
105 creatures vanquished.

Notes
Turn   | Place    | Note
-------+----------+-------------------------------------------
     0 | D:1      | MondaySad the Minotaur Berserker began the quest for the Orb.
     0 | D:1      | Reached XP level 1. HP: 19/19 MP: 0/0
   272 | D:1      | Reached XP level 2. HP: 27/27 MP: 1/1
   328 | D:1      | Reached skill level 4 in Axes
   562 | D:1      | Reached ** piety under Trog
   595 | D:1      | Reached XP level 3. HP: 4/33 MP: 2/2
   861 | D:1      | Reached skill level 5 in Axes
  1407 | D:2      | Reached XP level 4. HP: 35/40 MP: 3/3
  1646 | D:2      | Found a faded altar of an unknown god.
  1843 | D:2      | Reached skill level 6 in Axes
  2301 | D:3      | Noticed Natasha
  2307 | D:3      | Noticed Grinder
  2312 | D:3      | Killed Natasha
  2312 | D:3      | Reached XP level 5. HP: 34/46 MP: 4/4
  2320 | D:3      | Killed Grinder
  2320 | D:3      | Reached skill level 8 in Axes
  2320 | D:3      | Reached XP level 6. HP: 38/52 MP: 5/5
  2380 | D:3      | Noticed Natasha
  2388 | D:3      | Killed Natasha
  2532 | D:3      | Noticed Natasha
  2538 | D:3      | Killed Natasha
  2538 | D:3      | Reached *** piety under Trog
  2633 | D:3      | Reached skill level 9 in Axes
  2718 | D:3      | Noticed Terence
  2724 | D:3      | Killed Terence
  2989 | D:3      | Found a stormy altar of Qazlal.
  3467 | D:4      | Reached XP level 7. HP: 58/58 MP: 6/6
  3878 | D:4      | Reached skill level 10 in Axes
  4270 | D:4      | Found a sparkling altar of Nemelex Xobeh.
  4277 | D:4      | Reached skill level 11 in Axes
  4286 | D:4      | Reached XP level 8. HP: 44/66 MP: 7/7
  4298 | D:4      | Slain by a gnoll

Skill      XL: |  1  2  3  4  5  6  7 |
---------------+----------------------+-----
Axes           | 4 5 6 8 9 11 | 11.3
Fighting       | |  3.7
Armour         | |  2.5
Dodging        | |  2.5

Action                   |  1- 3 |  4- 6 |  7- 9 || total
-------------------------+-------+-------+-------++-------
Melee: Hand axe          |    75 |   134 |    68 ||   277
       Headbutt          |    11 |    16 |    17 ||    44
Invok: Berserk           |       |     5 |     1 ||     6
 Stab: Sleeping          |     1 |       |       ||     1
  Eat: Chunk             |     2 |    10 |     3 ||    15
Armor: Animal skin       |    12 |    23 |     8 ||    43
Dodge: Dodged            |    54 |    81 |    23 ||   158
